 Dungeon Crawl Stone Soup version 0.28.0 (console) character file.

Game seed: 13556214062034186592

4 ryathie the Skirmisher (level 1, 0/14 HPs)
             Began as a Gargoyle Berserker on Feb 16, 2022.
             Was a Follower of Trog.
             Slain by a hobgoblin (3 damage)
             ... on level 1 of the Dungeon.
             The game lasted 00:01:10 (83 turns).

ryathie the Skirmisher (Gargoyle Berserker)           Turns: 83, Time: 00:01:10

Health: 0/14       AC:  4    Str: 20    XL:     1   Next: 70%
Magic:  1/1        EV:  8    Int:  7    God:    Trog [*.....]
Gold:   0          SH:  0    Dex:  9    Spells: 0/0 levels left

rFire   . . .      SeeInvis .   a - +0 hand axe
rCold   . . .      Faith    .   (no shield)
rNeg    + . .      Spirit   .   b - +0 animal skin
rPois   ∞          Reflect  .   (no helmet)
rElec   +          Harm     .   (no cloak)
rCorr   .          Rampage  .   (no gloves)
Will    .....                   (no boots)
Stlth   +.........              (no amulet)
HPRegen 0.04/turn               (no ring)
MPRegen 0.07/turn               (no ring)

@: constricted
A: sickness immunity, AC +2, negative energy resistance 1, electricity
resistance, torment resistance 1, petrification resistance
a: Renounce Religion, Berserk


You were on level 1 of the Dungeon.
You worshipped Trog.
Trog was aware of your devotion.
You visited 1 branch of the dungeon, and saw 1 of its levels.

Inventory:

Hand Weapons
 a - a +0 hand axe (weapon)
Armour
 b - a +0 animal skin (worn)
Scrolls
 c - a scroll of noise {unknown}


   Skills:
 + Level 3.5 Fighting
 + Level 2.8 Axes
 - Level 2.1 Armour
 - Level 1.5 Dodging


You couldn't memorise any spells.
You didn't know any spells.
Your spell library was empty.

Dungeon Overview and Level Annotations

Branches:
Dungeon (1/15)

Altars:


Innate Abilities, Weirdness & Mutations

You are immune to sickness and miasma.
Your stone body is resilient. (AC +2)
You are immune to poison.
You resist negative energy. (rN+)
You are resistant to electric shocks. (rElec)
You are resistant to unholy torment.
You are immune to petrification.


Message History

Found a scroll labelled BAGURGH ETIRIUL.
An endoplasm comes into view.
You see here a scroll labelled BAGURGH ETIRIUL.
c - a scroll labelled BAGURGH ETIRIUL A kobold comes into view.
It is wielding a +0 club.
The kobold shouts!
An endoplasm comes into view.
The endoplasm quivers.
The kobold closely misses you.
You hit the kobold. Your punch misses the kobold.
The kobold is moderately wounded.
The kobold hits you with a +0 club.
You hit the kobold.
You kill the kobold!
Trog accepts your kill.
You hit the endoplasm but do no damage. The endoplasm hits you.
You hit the endoplasm but do no damage. The endoplasm freezes you.
You are frozen.
* * * LOW HITPOINT WARNING * * *
You hit the endoplasm.
You kill the endoplasm!
Trog accepts your kill.
Things that are here:
a +0 club; 5 stones; a kobold corpse A hobgoblin comes into view.
Found a stone staircase leading down.
The hobgoblin shouts!
You hear an angry hiss.
A ball python comes into view.
Things that are here:
a +0 club; 5 stones; a kobold corpse You hit the plant.
The plant begins to die.
You hit the plant but do no damage. You hit the hobgoblin.
The hobgoblin is almost dead.
You hit the plant. The hobgoblin closely misses you.
The ball python bites you but does no damage.
The ball python grabs you. The ball python constricts you.
The hobgoblin hits you.
You die...

♣≈≈≈≈≈≈....≈≈♣
♣P≈≈≈≈≈≈..≈≈≈♣
♣P≈≈≈≈≈...P≈♣♣
♣≈≈≈≈≈≈...≈≈≈♣
♣≈≈≈≈≈....≈≈≈♣
#≈♣♣PPP..≈≈P≈♣
#P≈≈..P≈♣≈.. #
#######≈♣..P♣♣####
#.#...# ##..@≈≈#
.#..P≈ #.Sg♣≈#
..≈≈≈≈≈#...#.# ..♣
♣.....#J# #.#
#####.#
#####.#######.#
#.......)Sg...#
#.###...........#
####.#
#############


You could see a hobgoblin and a ball python.

Vanquished Creatures
  An endoplasm (D:1)
  2 kobolds (D:1)
  A ball python (D:1)
4 creatures vanquished.

Notes
Turn   | Place    | Note
-------+----------+-------------------------------------------
     0 | D:1      | ryathie the Gargoyle Berserker began the quest for the Orb.
     0 | D:1      | Reached XP level 1. HP: 14/14 MP: 1/1
    83 | D:1      | Slain by a hobgoblin

Illustrated notes

Levels and vault maps discovered:
D:1:      psy_arrival_whirlpool, layout_loops_ring, serial_bayou,
          serial_bayou_pond_e, serial_bayou_ford_a, serial_bayou_pond_c,
          serial_bayou_pond_e, serial_bayou_shore_a,
          shapermc_ecumenical_altar_mp_highgroup, minmay_tree_intersection

Action                   || total
-------------------------++-------
Melee: Hand axe          ||     8
Armor: Animal skin       ||     1
Dodge: Dodged            ||     3
